 BcadrenCrawl: Boulder Brew version 0.06.5.2-8-g8dd8a421bb (webtiles) character file.

Game seed: 3298582300234748516

2384 MisterOstroum the Magician (level 9, 0/99 HPs) Gnoll Skald. Began on Sept 3, 2022. Slain by a wolf spider zombie (12 damage) ... on level 4 of the Dungeon on June 28, 2023. The game lasted 00:24:50 (5116 turns).

MisterOstroum the Magician (Gnoll Skald)            Turns: 5116, Time: 00:24:51

Health: 0/99       AC: 11    Str: 17    XL:     9 ^: 1241
Magic:  4/19       EV: 16    Int: 15    God:
Gold:   192        SH:  0    Dex: 15    Spells: 10/21 levels left

rFire    . . .     Slash    x   b - +0 hunting sling
rCold    . . .     Pierce   .   a - +0 trident
rNeg     + . .     Bludgeon .   h - +0 troll leather {Purgy}
rCorr    . . .     Vision   .   m - +0 helmet
rPois    .         Gourm    .   (no cloak)
rElec    .         Faith    .   (no gloves)
MR       .....     Spirit   .   (no boots)
HPRegen  0.83/turn Reflect  .   (no amulet)
MPRegen  0.29/turn Harm     .   k - ring of positive energy Stlth ++........Rampage .
                                n - ring of protection

@: no status effects
A: distributed training, fangs, strong nose, soft flesh
a: no special abilities


You were on level 4 of the Dungeon.
You were hungry.

You visited 1 branch of the dungeon, and saw 4 of its levels.

You collected 192 gold pieces.

Inventory:

Weapons
 a - a +0 trident (weapon)
 b - a +0 hunting sling (weapon)
 c - a +0 hand crossbow
Armour
 h - a +0 troll leather (worn) {Purgy}
 j - a +0 leather armour
 m - a +0 helmet (worn)
Jewellery
 k - a ring of positive energy (left hand)
 n - a ring of protection (right hand)
Wands
 u - a wand of hasting (6)
Scrolls
 l - a scroll of enchantment
 o - a scroll of silence
 p - a scroll of torment
 r - a scroll of fear {!r}
 t - 3 scrolls of holy word
 v - a scroll of fog {!r}
Potions
 d - 3 potions of mutation
 f - 4 potions of magic
 g - 4 potions of curing {@q1 !q}
 q - a potion of agility {@q5 !q}
 s - a potion of heal wounds {@q2 !q}
Comestibles
 e - 5 rations
 i - 10 chunks of flesh


   Skills:
 + Level 6.3 Fighting
 + Level 4.3 Short Blades
 + Level 4.3 Long Blades
 + Level 4.3 Axes & Hammers
 + Level 4.3 Whips & Flails
 + Level 6.3 Polearms
 + Level 4.3 Maces & Staves
 + Level 4.3 Slings
 + Level 4.3 Bows
 + Level 4.3 Crossbows
 + Level 5.1 Armour
 + Level 6.3 Dodging
 + Level 4.3 Stealth
 + Level 4.3 Shields
 + Level 4.3 Unarmed Combat
 + Level 6.7 Spellcasting
 + Level 3.5 Hexes
 + Level 6.6 Charms
 + Level 3.5 Summonings
 + Level 3.5 Necromancy
 + Level 3.5 Translocations
 + Level 3.5 Transmutations
 + Level 3.5 Fire Magic
 + Level 3.5 Ice Magic
 + Level 3.5 Air Magic
 + Level 3.5 Earth Magic
 + Level 3.5 Poison Magic
 + Level 4.7 Invocations
 + Level 4.3 Evocations


You had 10 spell levels left.
You knew the following spells:

 Your Spells              Type           Power        Failure   Level  Hunger
a - Infusion              Chrm           24 (25)      1%          1    0
b - Song of Slaying Chrm 24 (100) 1% 2 0-20 c - Shroud of Golubria Chrm/Tloc 20 (200) 2% 2 0-20 e - Spectral Weapon Chrm/Summ 20 (100) 5% 3 20-80 H - Regeneration Chrm/Necr      20 (200)     5%          3    20-80

Your spell library contained the following spells:

 Spells                   Type           Power        Failure   Level  Hunger


Dungeon Overview and Level Annotations

Branches:
Dungeon (4/8)
 Temple: D:4

Altars:
Makhleb
Uskayaw


Innate Abilities, Weirdness & Mutations

Your experience applies equally to all skills.
You have razor-sharp fangs.
Your uncanny sense of smell can sniff out nearby items.
Your soft flesh is weak to deep cuts.
Heavy manmade armour will nullify this weakness. (rSlashing-)


Message History

You reach to attack!
You hit the orc priest (10)!
The orc priest is almost dead. (1/15) HP Your spectral weapon hits the orc priest from afar (13)!
You kill the orc priest!
You reach to attack!
You hit the wolf spider zombie but do no damage.
The wolf spider zombie is undamaged. (96/96) HP Your spectral weapon hits the wolf spider zombie but does no damage.
You hit the wolf spider zombie (2).
It resists.
The wolf spider zombie is lightly damaged. (94/96) HP Your spectral weapon hits the wolf spider zombie but does no damage.
The wolf spider zombie hits you (2). The wolf spider zombie bites you (8)!
You hit the wolf spider zombie but do no damage.
The wolf spider zombie is lightly damaged. (94/96) HP Your spectral weapon hits the wolf spider zombie (4).
It resists.
The wolf spider zombie barely misses you.
The wolf spider zombie closely misses you.
The wolf spider zombie hits you (4).
The wolf spider zombie bites you but does no damage.
You closely miss the wolf spider zombie.
The wolf spider zombie is lightly damaged. (90/96) HP Your spectral weapon hits the wolf spider zombie but does no damage.
The wolf spider zombie hits you (4).
The wolf spider zombie barely misses you.
Unknown command.
You hit the wolf spider zombie but do no damage.
The wolf spider zombie is lightly damaged. (90/96) HP Your spectral weapon hits the wolf spider zombie (7)!
It resists.
The wolf spider zombie hits you (15)!
The wolf spider zombie bites you but does no damage.
You hit the wolf spider zombie but do no damage.
The wolf spider zombie is lightly damaged. (83/96) HP Your spectral weapon hits the wolf spider zombie (5).
It resists.
The wolf spider zombie closely misses you. x2
You hit the wolf spider zombie but do no damage.
The wolf spider zombie is lightly damaged. (78/96) HP Your song is almost over.
Your spectral weapon hits the wolf spider zombie but does no damage.
The wolf spider zombie hits you but does no damage.
The wolf spider zombie bites you (1). The wolf spider zombie hits you (3).
The wolf spider zombie bites you (5).
You hit the wolf spider zombie but do no damage.
The wolf spider zombie is lightly damaged. (78/96) HP Your spectral weapon barely misses the wolf spider zombie.
The wolf spider zombie barely misses you.
The wolf spider zombie bites you but does no damage.
You hit the wolf spider zombie but do no damage.
The wolf spider zombie is lightly damaged. (78/96) HP Your spectral weapon hits the wolf spider zombie (1).
It resists.
The wolf spider zombie hits you but does no damage.
The wolf spider zombie bites you but does no damage.
You hit the wolf spider zombie but do no damage.
Your bite misses the wolf spider zombie.
The wolf spider zombie is lightly damaged. (77/96) HP Your spectral weapon hits the wolf spider zombie (4).
It resists.
The wolf spider zombie hits you (8)!
The wolf spider zombie barely misses you.
The wolf spider zombie hits you but does no damage.
The wolf spider zombie bites you (5).
You barely miss the wolf spider zombie.
Your magical infusion is running out.
The wolf spider zombie hits you (4).
The wolf spider zombie barely misses you.
You barely miss the wolf spider zombie. The wolf spider zombie hits you (2).
The wolf spider zombie bites you but does no damage.
You hit the wolf spider zombie (2).
It resists.
The wolf spider zombie is moderately damaged. (71/96) HP Your song has ended.
Your spectral weapon fades away.
The wolf spider zombie hits you (9)!
The wolf spider zombie closely misses you.
You barely miss the wolf spider zombie.
The wolf spider zombie closely misses you.
The wolf spider zombie barely misses you.
The wolf spider zombie hits you (5). The wolf spider zombie bites you (1).
Unknown command.
Casting: Spectral Weapon (mildly dangerous; 5% risk of failure)
Confirm with . or Enter, or press ? or * to list all spells.
Space distorts slightly along a thin shroud covering your body.
You are feeling hungry.
The wolf spider zombie hits you (8)!
* * * LOW HITPOINT WARNING * * *
The wolf spider zombie bites you (5).
* * * LOW HITPOINT WARNING * * *
Your shroud falls apart!
Casting: Shroud of Golubria (safe; 2% risk of failure)
Confirm with . or Enter, or press ? or * to list all spells.
Space distorts slightly along a thin shroud covering your body.
The wolf spider zombie hits you (3).
* * * LOW HITPOINT WARNING * * *
Your shroud bends the wolf spider zombie's attack away (1).
You hit the wolf spider zombie (4).
It resists.
Your bite misses the wolf spider zombie.
The wolf spider zombie is moderately damaged. (67/96) HP You are no longer magically infusing your attacks.
The wolf spider zombie hits you (7)!
* * * LOW HITPOINT WARNING * * *
The wolf spider zombie bites you but does no damage.
The wolf spider zombie hits you (12)!
You die...

....# #..# ...#
#..# .# ..#
#..##.# #.#
#..##.# #.#
#..##.# #.#
#..##.# #)#
....>.# #Z#
..)...# #@#
..##..#
#)##########
..##.<#
#..........#
..##..#
#.###.####.#
..##..#
#...###≈.......#.#
..##..#
#...##...≈≈.≈....#
..##..#
#...###.#≈≈♣≈≈≈..#
..##..#
#...##♣≈..≈.≈.≈..#
..##..#
#...##.≈..#..♣##.#


You could see a wolf spider zombie.

Vanquished Creatures
  A slime creature (D:2)
  Purgy (D:2)
  A porcupine (D:4)
  2 scorpions (D:3)
  An ogre (D:4)
  2 crocodiles (D:2)
  4 big kobolds (D:2)
  2 llaibwcod (D:3)
  A hound (D:3)
  7 jellies
  2 orc priests (D:4)
  Natasha (thrice) (D:2)
  7 worker ants
  A wyvern zombie (D:4)
  5 giant cockroaches
  2 haearbwcod (D:3)
  3 adders
  3 gnolls (D:3)
  40 sewer rats
  5 cinder newts
  2 bullfrogs (D:2)
  2 hound skeletons (D:3)
  4 oozes (D:2)
  2 dart slugs
  4 leopard geckos
  5 orcs
  2 adder skeletons
  4 bats
  A cinder newt skeleton (D:2)
  2 goblins (D:1)
  2 hobgoblins (D:1)
  A quokka (D:3)
  3 ball pythons (D:2)
  19 kobolds
  A leopard gecko skeleton (D:3)
  A quokka skeleton (D:3)
  A rat (D:1)
  A rat skeleton (D:2)
  3 withered plants (D:2)
153 creatures vanquished.

Vanquished Creatures (others)
  A kobold (D:2)
  4 slimeheads (D:2)
  84 withered plants (D:2)
89 creatures vanquished.

Grand Total: 242 creatures vanquished

Notes
Turn   | Place    | Note
-------+----------+-------------------------------------------
     0 | D:1      | MisterOstroum the Gnoll Skald began the quest for the Orb.
     0 | D:1      | Reached XP level 1. HP: 20/20 MP: 6/6
   227 | D:1      | Reached XP level 2. HP: 21/26 MP: 7/7
   270 | D:1      | Learned a level 2 spell: Song of Slaying
   273 | D:1      | Learned a level 2 spell: Shroud of Golubria
   867 | D:2      | Reached skill level 5 in Spellcasting
   867 | D:2      | Reached XP level 3. HP: 31/31 MP: 2/9
   875 | D:1      | Reached skill level 1 in Invocations
   930 | D:1      | Reached skill level 1 in Short Blades
   930 | D:1      | Reached skill level 1 in Long Blades
   930 | D:1      | Reached skill level 1 in Axes & Hammers
   930 | D:1      | Reached skill level 1 in Whips & Flails
   930 | D:1      | Reached skill level 1 in Maces & Staves
   930 | D:1      | Reached skill level 1 in Slings
   930 | D:1      | Reached skill level 1 in Bows
   930 | D:1      | Reached skill level 1 in Crossbows
   930 | D:1      | Reached skill level 1 in Stealth
   930 | D:1      | Reached skill level 1 in Shields
   930 | D:1      | Reached skill level 1 in Unarmed Combat
   930 | D:1      | Reached skill level 1 in Evocations
   930 | D:1      | Reached XP level 4. HP: 7/38 MP: 8/11
  1086 | D:2      | Reached skill level 1 in Hexes
  1086 | D:2      | Reached skill level 1 in Summonings
  1086 | D:2      | Reached skill level 1 in Necromancy
  1086 | D:2      | Reached skill level 1 in Translocations
  1086 | D:2      | Reached skill level 1 in Transmutations
  1086 | D:2      | Reached skill level 1 in Fire Magic
  1086 | D:2      | Reached skill level 1 in Ice Magic
  1086 | D:2      | Reached skill level 1 in Air Magic
  1086 | D:2      | Reached skill level 1 in Earth Magic
  1086 | D:2      | Reached skill level 1 in Poison Magic
  1207 | D:2      | Reached XP level 5. HP: 38/43 MP: 4/12
  1505 | D:2      | Noticed Purgy
  1517 | D:2      | Killed Purgy
  1517 | D:2      | Reached XP level 6. HP: 20/50 MP: 0/14
  1592 | D:2      | Reached skill level 5 in Fighting
  1592 | D:2      | Reached skill level 5 in Polearms
  1592 | D:2      | Reached skill level 5 in Dodging
  1777 | D:2      | Reached XP level 7. HP: 55/56 MP: 15/15
  1832 | D:2      | Learned a level 3 spell: Regeneration
  1836 | D:2      | Learned a level 3 spell: Spectral Weapon
  2010 | D:2      | Upgraded the game from 0.06-272-g04a409949d to
                  | 0.06.5.2-1-g1c1ef91267
  2331 | D:2      | Reached XP level 8. HP: 88/90 MP: 10/16
  3011 | D:2      | Noticed Natasha
  3021 | D:2      | Killed Natasha
  3364 | D:2      | Noticed Natasha
  3373 | D:2      | Killed Natasha
  3378 | D:2      | Noticed Natasha
  3390 | D:2      | Killed Natasha
  3934 | D:3      | Found a hide-covered altar of Uskayaw.
  4042 | D:3      | Upgraded the game from 0.06.5.2-1-g1c1ef91267 to
                  | 0.06.5.2-8-g8dd8a421bb
  4056 | D:3      | Reached XP level 9. HP: 99/99 MP: 18/18
  4577 | D:3      | Found a burning altar of Makhleb.
  4972 | D:4      | Reached skill level 5 in Armour
  5116 | D:4      | Slain by a wolf spider zombie

Illustrated notes

Levels and vault maps discovered:
D:1:      lightli_arrival_noodles, layout_basic
D:2:      layout_sewer, sewer_co_tree, uniq_purgy, uniq_natasha
D:3:      layout_loops_ring, marbit_many_paths, lemuel_round_altar, first_ration
D:4:      layout_long_grid, minmay_temple_entry_tees, serial_rivers,
          chequers_serial_rivers_marsh, chequers_serial_rivers_micro_b,
          chequers_serial_rivers_small_b, chequers_serial_rivers_marsh,
          grunt_pizzeria

Skill      XL: |  1  2  3  4  5  6  7  8  9 |
---------------+----------------------------+-----
Spellcasting   | 5 6 |  6.7
Invocations    | 1 2 3 4 |  4.7
Short Blades   | 1 2 3 4 |  4.3
Long Blades    | 1 2 3 4 |  4.3
Axes & Hammers | 1 2 3 4 |  4.3
Whips & Flails | 1 2 3 4 |  4.3
Maces & Staves | 1 2 3 4 |  4.3
Slings         | 1 2 3 4 |  4.3
Bows           | 1 2 3 4 |  4.3
Crossbows      | 1 2 3 4 |  4.3
Stealth        | 1 2 3 4 |  4.3
Shields        | 1 2 3 4 |  4.3
Unarmed Combat | 1 2 3 4 |  4.3
Evocations     | 1 2 3 4 |  4.3
Hexes          | 1 2 3 |  3.5
Summonings     | 1 2 3 |  3.5
Necromancy     | 1 2 3 |  3.5
Translocations | 1 2 3 |  3.5
Transmutations | 1 2 3 |  3.5
Fire Magic     | 1 2 3 |  3.5
Ice Magic      | 1 2 3 |  3.5
Air Magic      | 1 2 3 |  3.5
Earth Magic    | 1 2 3 |  3.5
Poison Magic   | 1 2 3 |  3.5
Armour         | 3 4 5 |  5.1
Fighting       | 5 6 |  6.3
Polearms       | 5 6 |  6.3
Dodging        | 5 6 |  6.3
Charms         | 6 |  6.6

Action                   |  1- 3 |  4- 6 |  7- 9 || total
-------------------------+-------+-------+-------++-------
Melee: Spear             |    46 |    90 |   283 ||   419
       Unarmed           |    35 |    72 |   172 ||   279
       Punch             |     5 |    12 |     5 ||    22
       Tailslap          |       |       |    44 ||    44
       Trident           |       |       |   116 ||   116
 Fire: Hand crossbow     |       |    10 |    47 ||    57
       Hunting sling     |       |       |    49 ||    49
Throw: Stone             |     1 |     1 |     7 ||     9
       Bone              |       |     1 |     6 ||     7
       Rusty metal       |       |     1 |     5 ||     6
       Skull             |       |     1 |     5 ||     6
 Cast: Infusion          |     2 |     7 |    31 ||    40
       Song of Slaying   |     1 |     1 |     5 ||     7
       Shroud of Golubri |       |     4 |    17 ||    21
       Spectral Weapon   |       |       |     3 ||     3
       Regeneration      |       |       |     3 ||     3
  Use: Scroll            |       |       |     1 ||     1
 Stab: Sleeping          |       |       |     2 ||     2
  Eat: Chunk             |       |     3 |    13 ||    16
Armor: Leather armour    |     3 |     8 |       ||    11
       Troll leather     |       |     3 |    96 ||    99
Dodge: Dodged            |    17 |    31 |   133 ||   181
